 Dungeon Crawl Stone Soup version 0.20.1-1-g8b1a95d (webtiles) character file.

56 Zachthehappycat the Sneak (level 3, 0/16 HPs)
             Began as a Spriggan Enchanter on July 5, 2017.
             Succumbed to an adder's poison
             ... on level 2 of the Dungeon.
             The game lasted 00:08:04 (1762 turns).

Zachthehappycat the Sneak (Spriggan Enchanter)      Turns: 1762, Time: 00:08:04

Health: 0/16       AC:  2    Str:  4    XL:     3   Next: 71%
Magic:  17/17      EV: 19    Int: 21    God:
Gold:   131        SH:  0    Dex: 17    Spells: 1/8 levels left

rFire    . . .     SeeInvis +   a - +1 dagger
rCold    . . .     Gourm    .   (shield restricted)
rNeg     . . .     Faith    .   b - +0 robe
rPois    .         Spirit   .   (helmet restricted)
rElec    .         Reflect  .   (no cloak)
rCorr    .         Harm     .   (gloves unavailable)
MR       .....                  (boots unavailable)
Stlth    +++.......             (no amulet)
Regen    0.1/turn               k - ring of wizardry
MPRegen  0.2/turn               m - ring of magical power

@: brilliant, lethally poisoned (0 -> -2), very quick
A: unfitting armour, see invisible, deterioration 1, herbivore 3, speed 3, slow
metabolism 2
a: no special abilities


You were on level 2 of the Dungeon.
You were not hungry.

You visited 1 branch of the dungeon, and saw 2 of its levels.

You collected 131 gold pieces.

Inventory:

Hand Weapons
 a - a +1 dagger (weapon)
Missiles
 n - 106 stones (quivered)
 o - 5 tomahawks
Armour
 b - a +0 robe (worn)
Jewellery
 k - a ring of wizardry (left hand)
 m - a ring of magical power (right hand)
Scrolls
 j - a scroll of random uselessness {unknown}
 l - 2 scrolls of identify {unknown}
 p - 2 scrolls of teleportation
 q - a scroll of fog {unknown}
 s - a scroll of magic mapping {unknown}
Potions
 f - a potion of mutation
 g - a potion of degeneration {unknown}
 i - a potion of magic
Books
 c - a book of Maledictions

   Spells                             Type                      Level
   a - Corona                         Hexes                        1
   b - Ensorcelled Hibernation        Hexes/Ice                    2
   c - Confuse                        Hexes                        3
   d - Tukima's Dance                 Hexes                        3
   e - Dazzling Spray                 Conjuration/Hexes            3
Comestibles
 d - 3 bread rations
 h - 2 royal jellies


   Skills:
 + Level 2.0 Short Blades
 + Level 3.5 Dodging
 + Level 5.6 Stealth
 + Level 3.1 Spellcasting
 + Level 4.0 Hexes


You had one spell level left.
You knew the following spells:

 Your Spells              Type           Power        Failure   Level  Hunger
a - Corona                Hex            ####...      1%          1    None
b - Dazzling Spray        Conj/Hex       ###...       2%          3    ###....
c - Tukima's Dance        Hex            ####....     1%          3    ###....


Dungeon Overview and Level Annotations

Branches:
Dungeon (2/15)

Altars:
Gozag
Hepliaklqana
Trog
Uskayaw
Vehumet


Innate Abilities, Weirdness & Mutations

You are very small and have problems with some larger weapons.
You are too small for most types of armour.
You have supernaturally acute eyesight. (SInv)
You are a herbivore.
You cover ground extremely quickly.
You need consume almost no food.
Your body sometimes deteriorates upon taking damage.


Message History

The adder bites you.
* * * LOW HITPOINT WARNING * * *
You are lethally poisoned!
The adder poisons you!
* * * LOW HITPOINT WARNING * * *
You feel sick.
* * * LOW HITPOINT WARNING * * *
You feel sick.
The adder stops glowing.
It was a potion of mutation.
You feel extremely strange.
You feel less energetic.
You feel yourself wasting away.
You feel more energetic. The adder bites you but does no damage.
* * * LOW HITPOINT WARNING * * *
You feel sick.
There is a lethal amount of poison in your body!
It was a potion of magic.
Magic courses through your body.
It was a potion of brilliance.
You feel clever all of a sudden. The adder closely misses you.
You die...

###.##.##.#####...## #...#
.......##.# #...# #.###
.....####.# #...# #)# ###..#....#
#...##########.#### #......#..##
#........>##.......
#.#.....<..####...#####.##.#.###.
#........................#...###.
..#......................#...(...
####...#........@........#......(
#####..###.####...####...........
..# #......# #.S.......##.......
#.####.##### #...########.......
.......# #...# #.###.#. #.######
#...# #.##.### #.# #.K.# #...## #
..# ##### #...# ####.### ###
#...######.## ##.#.


You could see an adder and a kobold.

Vanquished Creatures
  An adder (D:2)
  An ooze (D:2)
  6 dart slugs
  A ball python (D:1)
  6 hobgoblins
  2 jackals (D:1)
  3 bats
  A frilled lizard (D:2)
  5 goblins
  A kobold (D:2)
  4 rats
31 creatures vanquished.

Notes
Turn   | Place    | Note
-------+----------+-------------------------------------------
     0 | D:1      | Zachthehappycat the Spriggan Enchanter began the quest for the Orb.
     0 | D:1      | Reached XP level 1. HP: 9/9 MP: 5/5
   370 | D:1      | Reached XP level 2. HP: 13/13 MP: 6/6
  1204 | D:2      | Reached skill level 5 in Stealth
  1204 | D:2      | Reached XP level 3. HP: 16/16 MP: 8/8
  1258 | D:2      | Learned a level 3 spell: Dazzling Spray
  1262 | D:2      | Learned a level 3 spell: Tukima's Dance
  1623 | D:2      | Found an opulent altar of Gozag.
  1623 | D:2      | Found a hazy altar of Hepliaklqana.
  1625 | D:2      | Found a hide-covered altar of Uskayaw.
  1680 | D:2      | Found a bloodstained altar of Trog.
  1681 | D:2      | Found a radiant altar of Vehumet.
  1752 | D:2      | Gained mutation: Your magical capacity is low. (-10% MP) [potion of mutation]
  1752 | D:2      | Gained mutation: Your body sometimes deteriorates upon taking damage. [potion of mutation]
  1752 | D:2      | Lost mutation: Your magical capacity is low. (-10% MP) [potion of mutation]
  1762 | D:2      | Succumbed to an adder's poison

Skill      XL: |  1  2  3 |
---------------+----------+-----
Stealth        | 5 |  5.6
Spellcasting   | 3 |  3.1
Hexes          | 4 |  4.0
Short Blades   | 2 |  2.0
Dodging        | |  3.5

Action                   || total
-------------------------++-------
Melee: Dagger            ||   131
 Cast: Corona            ||     5
  Use: Potion            ||     5
       Scroll            ||     1
 Stab: Sleeping          ||    12
Armor: Robe              ||    15
Dodge: Dodged            ||   107
